 Dungeon Crawl Stone Soup version 0.31.0-32-g396128a36d (webtiles) character file.

Game seed: 17570527148352367335

1198 Curundu the Cleaver (level 8, 0/71 HPs)
             Began as a Minotaur Berserker on Apr 12, 2024.
             Was a Priest of Trog.
             Shot with an arrow by a centaur (6 damage)
             ... on level 6 of the Dungeon.
             The game lasted 00:11:16 (4458 turns).

Curundu the Cleaver (Minotaur Berserker)            Turns: 4458, Time: 00:11:17

Health: 0/71       AC: 12    Str: 24    XL:     8   Next: 20%
Magic:  7/7        EV:  8    Int:  4    God:    Trog [***...]
Gold:   415        SH:  0    Dex: 10    Spells: 7/7 levels left

rFire   . . .        b - +0 war axe
rCold   . . .        (no shield)
rNeg    . . .        k - +0 plate armour
rPois   .            (helmet restricted)
rElec   .            (no cloak)
rCorr   .            (no gloves)
SInv    .            (no boots)
Will    .....        (no amulet) Stlth
                     (no ring)
HPRegen 0.31/turn    (no ring)
MPRegen 0.10/turn

%: no passive effects
@: no status effects
A: horns 2, retaliatory headbutt
a: Renounce Religion, Berserk, Trog's Hand


You were on level 6 of the Dungeon.
You worshipped Trog.
Trog was most pleased with you.
You visited 1 branch of the dungeon, and saw 6 of its levels.

You collected 415 gold pieces.

Inventory:

Hand Weapons
 b - a +0 war axe (weapon)
Missiles
 u - a boomerang (quivered)
Armour
 k - a +0 plate armour (worn)
Jewellery
 a - a ring of resist corrosion
 n - an amulet of faith
Wands
 o - a wand of digging (4)
 t - a wand of acid (7)
Scrolls
 e - 2 scrolls of amnesia
 f - a scroll of revelation
 g - 2 scrolls of identify
 p - a scroll of poison
 q - 2 scrolls of teleportation
 s - a scroll of blinking
Potions
 c - a potion of might
 h - a potion of enlightenment
 i - a potion of brilliance
 j - 2 potions of lignification
 l - a potion of mutation
 m - a potion of berserk rage


   Skills:
 + Level 6.4 Fighting
 + Level 9.1 Axes
 + Level 6.1 Armour
 + Level 3.2 Dodging
 + Level 0.5 Stealth


You had 7 spell levels left.
You didn't know any spells.
Your spell library was empty.

Dungeon Overview and Level Annotations

Branches:
Dungeon (6/15)
 Temple: D:4-7

Altars:
Nemelex Xobeh
Xom

Shops:
D:4 (   D:6 =


Innate Abilities, Weirdness & Mutations

You have a pair of horns on your head.
You reflexively headbutt those who attack you in melee.


Message History

Throw: boomerang
Press: ? - help, Q - select action, (/) - cycle Shift-Dir - straight line, f/p - centaur
Aim: a centaur, wielding a +0 orcbow (heavily wounded, 68% to hit)
You throw a boomerang.
The boomerang barely misses the centaur.
The centaur shoots an arrow.
The arrow barely misses you.
The centaur shoots an arrow.
The arrow hits you.
Throw: boomerang
Press: ? - help, Q - select action, (/) - cycle Shift-Dir - straight line, f/p - centaur
Aim: a centaur, wielding a +0 orcbow (heavily wounded, 68% to hit)
You throw a boomerang.
The boomerang barely misses the centaur.
The centaur shoots an arrow.
The arrow misses you.
The centaur shoots an arrow.
The arrow barely misses you.
Throw: boomerang
Press: ? - help, Q - select action, (/) - cycle Shift-Dir - straight line, f/p - centaur
Aim: a centaur, wielding a +0 orcbow (heavily wounded, 68% to hit)
You throw a boomerang. The boomerang hits the centaur.
The centaur is severely wounded.
The centaur shoots an arrow.
The arrow hits you!
Throw: boomerang
Press: ? - help, Q - select action, (/) - cycle Shift-Dir - straight line, f/p - centaur
Aim: a centaur, wielding a +0 orcbow (black smoke, severely wounded, 68% to hit)
You throw a boomerang.
The boomerang hits the centaur but does no damage.
The centaur is severely wounded.
Your skin stops crawling.
You feel less strong-willed.
The centaur shoots an arrow.
The arrow hits you but does no damage.
The centaur shoots an arrow.
The arrow hits you!
* * * LOW HITPOINT WARNING * * *
The centaur shoots an arrow.
The arrow hits you.
* * * LOW HITPOINT WARNING * * *
The centaur shoots an arrow.
The arrow hits you.
* * * LOW HITPOINT WARNING * * *
The centaur shoots an arrow.
The arrow barely misses you.
The centaur shoots an arrow.
The arrow hits you!
* * * LOW HITPOINT WARNING * * *
The centaur shoots an arrow.
The arrow closely misses you.
The centaur shoots an arrow.
The arrow hits you.
You die...

,,,*,,,~~,~~,,*,,,,,,*,,,*#######
####..≈≈~.~≈≈.#**#+########......
####..≈~~§§~≈.####..##...##......
......≈.~○~~≈....................
......≈.~○○s≈....................
.....§≈≈.§c≈§....................
##...§.≈≈≈≈§....##.......##......
##...,,*#§.§....##.......##......
.....,,<#§......@........########
.....,,*#.......##>.......#,,,,,,
..<..,,*#.......##........'..,,,,
.##..,,*#.......##.......##..,,,,
###..,,*#.......##.......#*..,,,,
.#...,,...................#,,,,,,
.#o..,....................'.,,,,,
.#.o.,....................#.,,,,,
*********************************


You could see a centaur and a scorpion.

Vanquished Creatures
  An orc warrior (D:6)
  2 ogres
  A phantom (D:6)
  3 scorpions
  2 orc priests
  A hound (D:5)
  2 bombardier beetles
  2 iguanas (D:4)
  10 orc wizards
  A mummy (D:4)
  6 gnolls
  7 adders
  2 white imps
  2 dart slugs (D:1)
  2 ribbon worms
  3 orcs
  3 ball pythons (D:1)
  8 bats
  7 endoplasms
  3 giant cockroaches
  7 goblins
  9 hobgoblins
  4 jackals (D:4)
  7 quokkas
  2 frilled lizards (D:3)
  A hobgoblin zombie (D:4)
  7 kobolds
  2 kobold zombies (D:4)
  An orc zombie (D:4)
  A rat (D:3)
109 creatures vanquished.

Vanquished Creatures (others)
  A hound (D:6)
  An iguana (D:6)
  An orc (D:6)
3 creatures vanquished.

Grand Total: 112 creatures vanquished

Notes
Turn   | Place    | Note
-------+----------+-------------------------------------------
     0 | D:1      | Curundu the Minotaur Berserker began the quest for the Orb.
     0 | D:1      | Reached XP level 1. HP: 19/19 MP: 0/0
   192 | D:1      | Reached XP level 2. HP: 27/27 MP: 1/1
   241 | D:1      | Reached skill level 4 in Axes
   643 | D:1      | Reached XP level 3. HP: 34/34 MP: 2/2
  1016 | D:2      | Reached ** piety under Trog
  1422 | D:2      | Reached XP level 4. HP: 31/41 MP: 3/3
  1753 | D:3      | Reached skill level 5 in Axes
  1924 | D:3      | Reached XP level 5. HP: 41/47 MP: 4/4
  2117 | D:3      | Reached skill level 5 in Fighting
  2275 | D:3      | Found a faded altar of an unknown god.
  2402 | D:4      | Reached skill level 6 in Axes
  2468 | D:4      | Noticed an ogre
  2476 | D:4      | Killed an ogre
  2477 | D:4      | Reached XP level 6. HP: 47/56 MP: 5/5
  2692 | D:4      | Reached *** piety under Trog
  2730 | D:4      | Reached skill level 7 in Axes
  2746 | D:4      | Found Haxisa's Antique Weapon Emporium.
  2760 | D:4      | Reached XP level 7. HP: 33/61 MP: 6/6
  3256 | D:5      | Entered Level 5 of the Dungeon
  3497 | D:5      | Reached skill level 5 in Armour
  3530 | D:5      | Found a sparkling altar of Nemelex Xobeh.
  3809 | D:5      | Reached skill level 8 in Axes
  4268 | D:6      | Found Vuazuohe's Jewellery Boutique.
  4287 | D:6      | Reached XP level 8. HP: 65/70 MP: 7/7
  4401 | D:6      | Reached skill level 9 in Axes
  4429 | D:6      | Found a shimmering altar of Xom.
  4458 | D:6      | Shot with an arrow by a centaur

Illustrated notes

Levels and vault maps discovered:
D:1:      mainiacjoe_arrival_reflecting_pool, layout_loops_ring,
          minmay_misc_feat_ornament
D:2:      minmay_inner_zag, layout_loops_ring
D:3:      layout_basic, shapermc_ecumenical_altar_mp_urbaneastern,
          nicolae_grassy_gnolls
D:4:      layout_cave_pools, serial_shops, shop_fountains, fountainhead,
          minmay_mini_ossuary
D:5:      layout_loops_corners, nemelex_spade_bored_becter
D:6:      layout_gridville, xom_confusion_cloud, serial_shops,
          nicolae_shop_rolling_square, minmay_pentangle, uniq_duvessa

Skill      XL: |  1  2  3  4  5  6  7  8 |
---------------+-------------------------+-----
Fighting       | 4 5 6 |  6.4
Axes           | 4 5 6 7 8 9 |  9.1
Armour         | 3 4 5 6 |  6.1
Dodging        | 3 |  3.2
Stealth        | |  0.5

Action                     |  1- 3 |  4- 6 |  7- 9 || total
---------------------------+-------+-------+-------++-------
  Melee: Hand axe          |     9 |       |       ||     9
         War axe           |    64 |    85 |    74 ||   223
         Headbutt          |    12 |    11 |    12 ||    35
         Punch             |       |     2 |     2 ||     4
  Throw: Boomerang         |       |       |    19 ||    19
 Invoke: Berserk           |       |     1 |       ||     1
         Trog's Hand       |       |     1 |     5 ||     6
    Use: Scroll            |       |       |    13 ||    13
 Armour: Animal skin       |     6 |       |       ||     6
         Chain mail        |    59 |   101 |    72 ||   232
         Plate armour      |       |       |    36 ||    36
  Dodge: Dodged            |    35 |    63 |    48 ||   146
